Map: Blackpink LE

Players

SamuraiFunn - Winner!

  • Race: Protoss Protoss
  • Spawn Location: 7:00

A.I. 1 (Elite)

  • Race: Protoss Protoss
  • Spawn Location: 1:00

VOD

Have the link to the VOD?

Description

Time

  • Played on: Nov. 24, 2017, 1:24 p.m.
  • Length: 7:25
Show
View Real Time Build Order
Export as new Build Order

SamuraiFunn Protoss - Winner!

Build Orders: Dark Templar Rush 

Get SALT Encoding   

  12  0:01  Probe  
  13  0:13  Probe  
  14  0:21  Pylon  
  14  0:25  Probe  
  15  0:34  Assimilator  
  15  0:39  Probe  
  16  0:48  Gateway  
  16  0:51  Probe  
  17  1:03  Probe  
  18  1:07  Assimilator  
  18  1:16  Probe  
  19  1:28  Probe  
  20  1:39  Cybernetics Core  
  20  1:40  Probe  
  21  1:49  Zealot  
  23  1:55  Nexus  
  23  2:08  Pylon  
  23  2:29  Warp Gate (Chrono Boost)  
  23  2:30  Twilight Council  
  23  2:38  Probe  
  24  2:47  Pylon  
  24  2:50  Probe  
  25  3:10  Probe x2  
  27  3:23  Dark Shrine  
  27  3:28  Gateway  
  27  3:30  Gateway  
  27  3:31  Gateway  
  27  3:34  Probe x2  
  29  3:46  Probe x2  
  31  3:51  Assimilator  
  31  3:53  Assimilator  
  31  3:59  Pylon  
  31  4:14  Probe x2  
  33  4:26  Probe x2  
  35  4:38  Probe x2  
  37  4:45  Shadow Stride (Chrono Boost)  
  37  4:46  Gateway  
  37  4:48  Gateway  
  37  4:49  Gateway  
  37  4:50  Dark Templar x4  
  45  4:57  Probe x2  
  47  5:09  Probe x2  
  49  5:23  Dark Templar x2  
  53  5:45  Dark Templar  
  55  6:00  Pylon  
  55  6:01  Dark Templar  
  55  6:02  Zealot x2  
  62  6:11  Probe  
  62  6:18  Probe  
  62  6:20  Pylon  
  62  6:21  Pylon  
  62  6:23  Pylon  
  62  6:24  Pylon  
  62  6:25  Dark Templar x3  
  69  6:53  Dark Templar x2  
  73  6:56  Zealot  
  73  6:58  Zealot  
  73  6:59  Zealot x2  
Show
View Real Time Build Order
Export as new Build Order

A.I. 1 (Elite) Protoss 

Build Orders:  

Get SALT Encoding   

  12  0:00  Probe  
  13  0:13  Probe  
  14  0:19  Pylon  
  14  0:25  Probe  
  15  0:37  Probe  
  15  0:40  Gateway  
  16  0:49  Probe  
  17  0:50  Assimilator  
  17  1:00  Pylon  
  17  1:01  Probe  
  18  1:13  Probe  
  19  1:26  Probe  
  19  1:30  Zealot  
  22  1:33  Cybernetics Core  
  22  1:38  Probe  
  23  1:50  Probe  
  24  1:56  Gateway  
  24  2:00  Pylon  
  24  2:02  Probe  
  25  2:21  Nexus  
  25  2:27  Zealot  
  27  2:30  Probe  
  27  2:33  Warp Gate  
  28  2:41  Assimilator  
  28  2:42  Probe  
  29  2:50  Adept  
  31  2:54  Probe  
  31  2:56  Adept  
  34  3:06  Probe  
  34  3:07  Pylon  
  35  3:17  Stalker  
  35  3:18  Probe  
  38  3:30  Probe  
  38  3:32  Probe  
  40  3:42  Robotics Facility, Probe  
  40  3:44  Probe  
  40  3:46  Adept  
  44  3:55  Probe  
  45  3:56  Probe  
  45  3:57  Adept  
  48  4:07  Probe  
  48  4:08  Probe  
  50  4:14  Adept  
  50  4:16  Pylon  
  52  4:19  Probe  
  52  4:21  Probe  
  54  4:31  Probe, Immortal  
  59  4:33  Probe  
  59  4:35  Stalker  
  62  4:39  Pylon  
  62  4:43  Probe  
  62  4:45  Probe  
  64  4:48  Stalker  
  66  4:55  Probe  
  66  4:57  Probe, Robotics Facility  
  66  4:58  Stalker  
  70  5:09  Probe  
  70  5:10  Immortal  
  73  5:17  Forge  
  73  5:27  Pylon  
  73  5:29  Sentry  
  73  5:30  Twilight Council  
  75  5:37  Zealot  
  73  5:42  Assimilator  
  73  5:43  Probe  
  73  5:46  Assimilator  
  73  5:49  Probe, Observer  
  72  5:51  Photon Cannon  
  66  6:05  Probe x2  
  66  6:11  Templar Archives, Zealot  
  64  6:17  Probe  
  63  6:19  Zealot  
  63  6:23  Probe  
  34  6:43  Zealot  
  20  6:48  Probe  
  20  6:50  High Templar  
  16  7:00  Probe  
  11  7:12  Probe  
Tags
 
Matchup
PvP
Replay Pack
First 100 games
Spawn Locations
Cross Positions
Add a new tag
Caveats
  • Supply blocks, unpowered buildings, or Contaminate may cause inaccurate times.
  • Supply counts are checked every 10 seconds.